Ben, chaotic male elven Wizard ------------ ---#--- |...........#################0 ##-.....| |........%.| ----- # |.....| |.........%-# ######..#.| 0####-.....| ----------.-# |...|# ## |.....| # #-...|#### ......| # ###|...-# # --|---- # # -.---###### ##### # # # # # # ### ### # # @-#----------# ## u...........|# -----.---- |..........|# |........| |..........-# |........| S |..........| |......... ------------ |.....>..| ---------- Ben the Thaumaturge Experience level: 7 Strength: 8 Dexterity: 12 Constitution: 14 Intelligence: 20 Wisdom: 13 Charisma: 8 Health: 0(52) Energy: 64(79) AC: 1 Gold: 4747 Moves: 2579 Your Inventory: Coins $ - 4747 gold pieces Weapons a - a blessed +1 quarterstaff (weapon in hands) Armor b - a blessed +2 cloak of magic resistance (being worn) p - a [blessed] +2 plumed helmet [of telepathy] (being worn) r - an uncursed +0 studded leather armor (being worn) Scrolls h - a blessed scroll of food detection i - a blessed scroll of gold detection Spellbooks k - a blessed spellbook of force bolt l - an uncursed spellbook of slow monster z - an uncursed spellbook of detect food Z - an uncursed spellbook of light Potions M - an uncursed potion of extra healing Rings w - a blessed +3 ring of gain wisdom (on right hand) S - an uncursed ring of regeneration (on left hand) Wands o - an [uncursed] wand of fire [0:1] E - an [uncursed] wand of magic missile [0:7] Tools B - an [uncursed] key [skeleton key] Spells known in the end: Name Level Category Fail Memory a - force bolt 1 attack 0% [||||||||] b - slow monster 2 enchantment 0% [||||||||] c - detect food 2 divination 48% [||||||||] d - light 1 divination 0% [||||||||] Your skills at the end: Fighting Skills Weapon Skills quarterstaff [Basic / Expert] Spellcasting Skills attack spells [Basic / Expert] enchantment spells [Basic / Skilled] Final Attributes: You were piously aligned. Hunger level was 1220. Your alignment was 22 / 22. Monster difficulty range was 1 - 6. Level difficulty was 6. You were immune to sleep. You were magic-protected. You saw invisible. You were telepathic. You had infravision. You were invisible to others. You regenerated. Your luck was zero. You are dead. Vanquished creatures: a shopkeeper 2 small mimics 3 leprechauns 4 fire ants a fog cloud a floating eye 2 dwarves a dwarf zombie an iguana 3 killer bees an acid blob a gas spore a hobgoblin a brown mold 3 yellow molds 2 garter snakes a gnome zombie 2 jackals 2 foxes a kobold 3 goblins 6 grid bugs a bat 5 lichens 2 newts 51 creatures vanquished. Voluntary challenges: You were an atheist. You used a wielded weapon 78 times. You read items or engraved 16 times. You put on armor 6 times. You never genocided any monsters. You never polymorphed an object. You never changed form. You used no wishes. You never wrote Elbereth's name. You never encountered a bones level. You never used any Sokoban shortcuts. Dungeon overview: The Dungeons of Doom: levels 1 to 7 Level 1 a long staircase Level 2 a general store Level 3 a potion shop Level 4 a long staircase Level 6 <- You were here a sink Level 7 a general store, a sink History has recorded: On T:1 you entered the Dungeons of Doom to retrieve the Amulet of Yendor! On T:194 you advanced to experience level 2. On T:407 you reached level 2 of The Dungeons of Doom. On T:411 you advanced to experience level 3. On T:604 you advanced to experience level 4. On T:804 you advanced to experience level 5. On T:1044 you reached level 3 of The Dungeons of Doom. On T:1516 you advanced to experience level 6. On T:1596 you reached level 4 of The Dungeons of Doom. On T:1892 you reached level 5 of The Dungeons of Doom. On T:1953 you reached level 7 of The Dungeons of Doom. On T:2027 you advanced to experience level 7. On T:2191 you reached level 6 of The Dungeons of Doom. Latest messages: The spell misses the white unicorn. The white unicorn butts! The white unicorn kicks! [HP-5=28] The white unicorn butts! The white unicorn misses. [HP-5=23] The spell misses the white unicorn. The white unicorn misses. The white unicorn kicks! The white unicorn butts! The white unicorn kicks! [HP-14=9] The spell hits the white unicorn! The white unicorn resists! The white unicorn butts! You die... Final status: Goodbye Ben the Wizard... You died in The Dungeons of Doom on dungeon level 6 with 5121 points, and 4747 pieces of gold, after 2579 moves. You were level 7 with a maximum of 52 hit points when you died.